[Event "Titled Tuesday Blitz March 15 Late 2022"]
[White "Urazayev, Arystanbek"]
[Black "Romanchuk, Viktor"]
[WhiteFideId "13709810"]
[BlackFideId "14109271"]
[WhiteElo "2393"]
[BlackElo "2242"]
[Result "1-0"]
[Round "05"]
[TimeControl "180+1"]
[Date "2022.03.16"]
[WhiteClock "0:01:25"]
[BlackClock "0:00:38"]

1. d4 d5 2. c4 c6 3. Nf3 Nf6 4. Nc3 e6 5. e3 Nbd7 6. Qc2 Bd6 7. b3 O-O 8. Be2 dxc4 9. bxc4 e5 10. O-O Re8 11. Rd1 exd4 12. exd4 Nf8 13. h3 Ng6 14. Rb1 Nf4 15. Bf1 g6 16. Ne5 Bf5 17. Nd3 b6 18. Bxf4 Bxf4 19. Ne2 Bc7 20. Rb3 Qd6 21. Ng3 Nh5 22. c5 bxc5 23. dxc5 Bxd3 24. Rbxd3 Qe5 25. Re3 Qf4 26. Rf3 Qe5 27. Bc4 Rf8 28. Rd7 Nxg3 29. fxg3 Rad8 30. Rxd8 Bxd8 31. Qf2 Qe7 32. Kh2 Ba5 33. Rf6 Be1 34. Qf3 Kg7 35. Rxc6 Bb4 36. Bb3 Bxc5 37. Qc3+ 1-0


[Site "https://www.chess.com"]

[Event "Titled Tuesday Blitz March 15 Late 2022"]
[White "Van Foreest, Jorden"]
[Black "Artemenko, Oleg"]
[WhiteFideId "1039784"]
[BlackFideId "14201798"]
[WhiteElo "2609"]
[BlackElo "2287"]
[Result "1-0"]
[Round "05"]
[TimeControl "180+1"]
[Date "2022.03.15"]
[WhiteClock "0:00:22"]
[BlackClock "0:00:05"]

1. e4 e6 2. d4 d5 3. Nd2 c5 4. Ngf3 cxd4 5. exd5 Qxd5 6. Bc4 Qd7 7. Nb3 Nc6 8. Nbxd4 Nxd4 9. Nxd4 a6 10. O-O Nf6 11. c3 Bd6 12. Qe2 O-O 13. a4 e5 14. Nf3 e4 15. Nd4 Qc7 16. h3 Bh2+ 17. Kh1 Bf4 18. Bb3 Bd7 19. Bxf4 Qxf4 20. Qe3 Qxe3 21. fxe3 Rfe8 22. a5 Re5 23. Rfd1 Kf8 24. Kh2 Ke7 25. Bc4 Rc8 26. Be2 Rcc5 27. Nb3 Rc8 28. c4 Be6 29. Rdc1 Nd7 30. Nd4 f5 31. b4 g6 32. c5 Bd5 33. Bc4 Ke8 34. Kg3 Bxc4 35. Rxc4 Nf6 36. Kf2 Nd5 37. Ne2 g5 38. g3 Rc6 39. Rd1 Ke7 40. Rcd4 Nf6 41. Nc3 Rc7 42. Rd6 Rd7 43. Rxd7+ Nxd7 44. Rd6 Ke8 45. Nd5 Nb8 46. Nc7+ Ke7 47. Rb6 Kd7 48. Rxb7 Kc8 49. Rxb8+ Kxb8 50. Nxa6+ Kb7 51. b5 Ka7 52. h4 h6 53. Ke2 Rd5 54. h5 f4 55. exf4 gxf4 56. gxf4 Rxh5 57. Ke3 Rh3+ 58. Kxe4 Ra3 59. Nc7 Rxa5 60. f5 Kb7 61. Ne6 Rxb5 62. f6 Ka7 63. f7 Rb8 64. c6 Rc8 65. c7 Kb7 66. Nd8+ Kxc7 67. f8=Q Rxd8 68. Qxh6 Kd7 69. Kd5 Ke7+ 70. Ke5 Kd7 71. Qd6+ Kc8 72. Qc6+ Kb8 73. Qb6+ Kc8 74. Qa7 Rd7 75. Qa6+ Kc7 76. Qa5+ Kc8 77. Ke6 Rd8 78. Qc5+ Kb7 79. Ke7 Rc8 80. Qb4+ Ka7 81. Kd7 Rb8 82. Qa4+ Kb7 83. Qa5 Rh8 84. Qb4+ Ka8 85. Qa3+ Kb7 86. Qb2+ Ka6 87. Qxh8 Kb5 88. Qd4 Ka6 89. Qb2 Ka5 90. Kc6 Ka4 91. Kc5 1-0


[Site "https://www.chess.com"]

[Event "Titled Tuesday Blitz March 15 Late 2022"]
[White "Vargas Pereda, Jesus Manue"]
[Black "Janturin, Artur"]
[WhiteFideId "5115710"]
[BlackFideId "4130022"]
[WhiteElo "1865"]
[BlackElo "2349"]
[Result "0-1"]
[Round "05"]
[TimeControl "180+1"]
[Date "2022.03.16"]
[WhiteClock "0:00:06"]
[BlackClock "0:00:05"]

1. d4 e6 2. Bf4 c5 3. e3 Nc6 4. Nf3 d5 5. Nbd2 Bd6 6. Bxd6 Qxd6 7. c3 Nf6 8. Bd3 O-O 9. O-O e5 10. dxe5 Nxe5 11. Nxe5 Qxe5 12. Nf3 Qd6 13. Qe2 Bg4 14. h3 Bh5 15. Rfe1 Rfe8 16. g4 Bg6 17. Bxg6 hxg6 18. Rad1 Rad8 19. Qc2 Qc6 20. c4 d4 21. Nd2 dxe3 22. fxe3 Nh7 23. Nf1 Ng5 24. Qg2 Nf3+ 25. Kf2 Nxe1 26. Rxe1 Qxg2+ 27. Kxg2 Re4 28. b3 f5 29. Kf3 Kf7 30. Ng3 Re5 31. e4 fxe4+ 32. Nxe4 Kg8 33. Re2 Rf8+ 34. Kg3 Rfe8 35. Kf3 b6 36. Ng3 Rxe2 37. Nxe2 Rd8 38. Ke3 Kf7 39. Nf4 g5 40. Nd5 Rh8 41. Ke4 Rxh3 42. Kf5 Rh2 43. Nc7 Rxa2 44. Nb5 a6 45. Nd6+ Kg8 46. Kxg5 Rb2 47. Kg6 Rxb3 48. g5 a5 49. Nf5 Rd3 50. Ne7+ Kf8 51. Nf5 a4 52. Nxg7 Rd6+ 53. Kh7 Rd7 54. Kh6 Rxg7 0-1


[Site "https://www.chess.com"]

[Event "Titled Tuesday Blitz March 15 Late 2022"]
[White "Vlassov, Nikolai"]
[Black "Cervantes Landeiro, Thalia"]
[WhiteFideId "4103360"]
[BlackFideId "3520498"]
[WhiteElo "2407"]
[BlackElo "2021"]
[Result "1-0"]
[Round "05"]
[TimeControl "180+1"]
[Date "2022.03.16"]
[WhiteClock "0:02:18"]
[BlackClock "0:00:27"]

1. e4 c5 2. c3 Nf6 3. e5 Nd5 4. d4 cxd4 5. cxd4 d6 6. Bc4 Nb6 7. Bb3 e6 8. Qe2 Nc6 9. Nf3 dxe5 10. dxe5 Bb4+ 11. Nc3 O-O 12. O-O Be7 13. Rd1 Qc7 14. Bf4 a6 15. Rac1 Bd7 16. Ne4 Rad8 17. h4 Bc8 18. Nd6 Qb8 19. Ng5 h6 20. Nge4 Na5 21. Bc2 Nd5 22. Bxh6 gxh6 23. Qg4+ Kh8 24. Qh5 Kg7 25. Rd3 Rh8 26. Qxf7# 1-0


[Site "https://www.chess.com"]

[Event "Titled Tuesday Blitz March 15 Late 2022"]
[White "Vovk, Orest"]
[Black "Taboas Rodriguez, Daniel"]
[WhiteFideId "14113490"]
[BlackFideId "2208466"]
[WhiteElo "2203"]
[BlackElo "2429"]
[Result "1-0"]
[Round "05"]
[TimeControl "180+1"]
[Date "2022.03.16"]
[WhiteClock "0:00:15"]
[BlackClock "0:00:09"]

1. h4 d5 2. h5 e5 3. h6 Nxh6 4. d4 e4 5. Bxh6 gxh6 6. e3 Be6 7. Ne2 c6 8. Nf4 Qd7 9. c4 dxc4 10. Nxe6 Qxe6 11. Rh5 Nd7 12. Nc3 O-O-O 13. Qa4 Kb8 14. Qxc4 Qg6 15. Ra5 Nb6 16. Qb3 f5 17. g3 h5 18. Na4 Qd6 19. Nc5 Qd5 20. Qa3 Bxc5 21. Rxc5 Qd6 22. Rxf5 Qxa3 23. bxa3 h4 24. gxh4 Rd5 25. Rf4 Re8 26. Bg2 Ra5 27. Bxe4 Rxa3 28. Bxh7 Nd5 29. Rf3 Rh8 30. Rf7 Nb4 31. Kf1 Rxa2 32. Rxa2 Nxa2 33. h5 a5 34. Rg7 a4 35. Rg8+ Rxg8 36. Bxg8 Nc3 37. h6 1-0


[Site "https://www.chess.com"]

[Event "Titled Tuesday Blitz March 15 Late 2022"]
[White "Vusatiuk, Vladimir"]
[Black "Constantinou, Peter"]
[WhiteFideId "14118610"]
[BlackFideId "413038"]
[WhiteElo "2157"]
[BlackElo "2230"]
[Result "0-1"]
[Round "05"]
[TimeControl "180+1"]
[Date "2022.03.16"]
[WhiteClock "0:00:06"]
[BlackClock "0:00:34"]

1. Nf3 Nf6 2. h4 b6 3. h5 Bb7 4. d3 d5 5. h6 g6 6. Bf4 Nbd7 7. Nbd2 e6 8. c3 Bd6 9. Bxd6 cxd6 10. g3 e5 11. Bg2 Qe7 12. Qa4 O-O 13. Qh4 e4 14. Nd4 Ne5 15. dxe4 dxe4 16. Nxe4 Bxe4 17. Bxe4 Rae8 18. O-O-O Nxe4 19. Qxe4 Nc4 20. Qxe7 Rxe7 21. e3 a6 22. Nf3 Rd8 23. Rd5 f6 24. Rhd1 Red7 25. Nd4 Kf7 26. b3 Ne5 27. f4 Ng4 28. Nc6 Rc8 29. Rxd6 Rxd6 30. Rxd6 Nxh6 31. Kb2 Nf5 32. Rd7+ Ke8 33. Nb8 Rxb8 34. Rxh7 Rd8 35. e4 Nxg3 36. Rg7 Nxe4 37. Rxg6 Ke7 38. Rg7+ Ke6 39. Rb7 Rd6 40. c4 Kf5 41. a4 a5 42. b4 axb4 43. Kb3 Kxf4 44. Kxb4 Ke5 45. Kb5 f5 46. Rxb6 f4 47. a5 f3 48. a6 f2 49. a7 f1=Q 50. a8=Q Qb1+ 51. Ka4 Qa1+ 52. Kb5 Qxa8 53. c5 Nc3+ 54. Kc4 Rxb6 55. cxb6 Qb7 56. Kxc3 Qxb6 0-1


[Site "https://www.chess.com"]

[Event "Titled Tuesday Blitz March 15 Late 2022"]
[White "Winkels, Marcel"]
[Black "Lock, Gavin R"]
[WhiteFideId "1003887"]
[BlackFideId "408646"]
[WhiteElo "1900"]
[BlackElo "2104"]
[Result "0-1"]
[Round "05"]
[TimeControl "180+1"]
[Date "2022.03.16"]
[WhiteClock "0:00:15"]
[BlackClock "0:00:12"]

1. e4 c5 2. Nf3 Nf6 3. e5 Nd5 4. Nc3 e6 5. Nxd5 exd5 6. d4 Nc6 7. dxc5 Bxc5 8. Qxd5 Qb6 9. Bc4 Bxf2+ 10. Ke2 O-O 11. Rf1 Bc5 12. Ng5 Nxe5 13. Nxf7 Nxf7 14. Rxf7 Qe6+ 15. Qxe6 dxe6 16. Rxf8+ Kxf8 17. Bf4 Bd7 18. Be5 Ke7 19. g3 Rf8 20. Rf1 Rxf1 21. Kxf1 g6 22. Ke2 Bc6 23. c3 b5 24. Bd3 a6 25. h4 Bd5 26. b3 Bd6 27. Bxd6+ Kxd6 28. Ke3 Ke5 29. Be2 h6 30. Bd3 g5 31. hxg5 hxg5 32. c4 bxc4 33. bxc4 Bc6 34. a3 a5 35. Be2 Be4 36. Bf1 Bc6 37. Be2 Be4 38. Bf1 Bc6 39. Bd3 Bb7 40. c5 Bc6 41. Bc4 Kf5 42. g4+ Ke5 43. Be2 Kd5 44. Kd2 Kxc5 45. Kc3 Bd5 46. Bd3 e5 47. Bf5 Bf3 48. Kd2 Kd4 49. Be6 e4 50. Bd7 e3+ 51. Ke1 Ke5 52. Bf5 Kf4 53. Be6 Bxg4 54. Bxg4 Kxg4 55. Ke2 Kf4 56. Kf1 g4 57. Kg2 Ke4 58. Kf1 Kd3 59. Ke1 g3 60. Kf1 g2+ 61. Kxg2 e2 62. Kf2 Kd2 63. Kf3 e1=Q 64. Kf4 Qa1 65. Ke4 Qxa3 66. Kd4 Qd3+ 67. Kc5 a4 0-1


[Site "https://www.chess.com"]

[Event "Titled Tuesday Blitz March 15 Late 2022"]
[White "Yang, Kaiqi"]
[Black "Gatterer, Florian"]
[WhiteFideId "8604398"]
[BlackFideId "811688"]
[WhiteElo "2373"]
[BlackElo "2218"]
[Result "1-0"]
[Round "05"]
[TimeControl "180+1"]
[Date "2022.03.16"]
[WhiteClock "0:01:35"]
[BlackClock "0:01:33"]

1. e4 e5 2. Nf3 Nc6 3. d4 exd4 4. Bc4 Bc5 5. c3 dxc3 6. O-O Nf6 7. e5 Ne4 8. Qd5 O-O 9. Qxe4 d5 10. Qxd5 Qe7 11. Nxc3 Be6 12. Qe4 h6 13. Nd5 Bxd5 14. Bxd5 Rad8 15. Bxc6 bxc6 16. Be3 Bb6 17. Rac1 Qe6 18. b3 c5 19. Rfd1 1-0


[Site "https://www.chess.com"]

[Event "Titled Tuesday Blitz March 15 Late 2022"]
[White "Yedidia, Daniel"]
[Black "Elissalt Cardenas, Hector"]
[WhiteFideId "30905907"]
[BlackFideId "3500632"]
[WhiteElo "2507"]
[BlackElo "2159"]
[Result "1-0"]
[Round "05"]
[TimeControl "180+1"]
[Date "2022.03.16"]
[WhiteClock "0:00:31"]
[BlackClock "0:00:02"]

1. d4 d5 2. c4 e6 3. Nc3 Nf6 4. cxd5 exd5 5. Bg5 Be7 6. e3 c6 7. Bd3 Nbd7 8. Nge2 Nh5 9. Bxe7 Qxe7 10. O-O O-O 11. Qc2 g6 12. Rab1 Ndf6 13. b4 a6 14. a4 Bd7 15. b5 axb5 16. axb5 c5 17. dxc5 Qxc5 18. Qb2 Ng4 19. Nd4 Rfc8 20. Rfc1 Qd6 21. Nf3 Ne5 22. Be2 Nf6 23. h3 Bf5 24. Ra1 Nc4 25. Bxc4 dxc4 26. Nd4 Bd3 27. b6 Nd5 28. Rxa8 Rxa8 29. Ndb5 Qe5 30. Nc7 Nxc7 31. bxc7 Qxc7 32. Nd5 Qa5 33. Nf6+ Kf8 34. Nxh7+ Ke7 35. Qxb7+ Ke8 36. Qc6+ Ke7 37. Qf6+ Ke8 38. Qd6 Qa6 39. Nf6# 1-0


[Site "https://www.chess.com"]

[Event "Titled Tuesday Blitz March 15 Late 2022"]
[White "Yoo, Christopher Woojin"]
[Black "Golubka, Petro"]
[WhiteFideId "30909694"]
[BlackFideId "14114224"]
[WhiteElo "2105"]
[BlackElo "2346"]
[Result "0-1"]
[Round "05"]
[TimeControl "180+1"]
[Date "2022.03.15"]
[WhiteClock "0:00:01"]
[BlackClock "0:00:10"]

1. e4 e5 2. Nf3 Nc6 3. Bc4 Nf6 4. Ng5 d5 5. exd5 Na5 6. Bb5+ c6 7. dxc6 bxc6 8. Bd3 h6 9. Ne4 Nd5 10. Ng3 g6 11. O-O Bg7 12. Re1 O-O 13. Bf1 c5 14. Nc3 Nf4 15. d3 Ne6 16. Be2 Nd4 17. Nge4 Nb7 18. Bf3 Rb8 19. Be3 Be6 20. Nd2 Nd6 21. b3 N6f5 22. Nce4 Rc8 23. Ng3 Nh4 24. Bxd4 cxd4 25. Be2 f5 26. Nf3 Nxf3+ 27. Bxf3 Bf7 28. Qd2 Qb6 29. Rac1 Kh7 30. h4 h5 31. Bxh5 Bh6 32. Qe2 Bxc1 33. Rxc1 gxh5 34. Qxe5 Bg6 35. Qf4 Qc7 36. Qg5 Qd8 37. Qf4 Qe7 38. Kf1 Rcd8 39. Kg1 Rfe8 40. Qf3 Qe5 0-1


[Site "https://www.chess.com"]

[Event "Titled Tuesday Blitz March 15 Late 2022"]
[White "Zavgorodniy, Sergiy"]
[Black "Kubicka, Anna"]
[WhiteFideId "14110148"]
[BlackFideId "1152254"]
[WhiteElo "2420"]
[BlackElo "2000"]
[Result "0-1"]
[Round "05"]
[TimeControl "180+1"]
[Date "2022.03.16"]
[WhiteClock "0:00:23"]
[BlackClock "0:00:03"]

1. e4 c5 2. Nf3 d6 3. c3 Nf6 4. Bc4 g6 5. e5 dxe5 6. Nxe5 e6 7. d4 Bg7 8. O-O cxd4 9. cxd4 O-O 10. Nc3 Nbd7 11. Qe2 Nb6 12. Bb3 Nfd5 13. Bd2 Bd7 14. Rad1 Bc6 15. Bc1 Rc8 16. Ne4 h6 17. Rfe1 Nf6 18. Nc5 Bd5 19. Bc2 Nbd7 20. Ncxd7 Nxd7 21. Bb1 Qc7 22. h4 Nxe5 23. dxe5 Qc6 24. f3 Bc4 25. Qf2 Rfd8 26. h5 g5 27. f4 Rxd1 28. Rxd1 Bd5 29. Be3 g4 30. Kh2 a6 31. Qg3 Qa4 32. Qxg4 Be4 33. Rd4 Rc4 34. Rd8+ Kh7 35. Rd7 Qxd7 36. f5 Bxf5 37. Qxc4 Bxb1 38. Qf4 Bf5 0-1


[Site "https://www.chess.com"]

[Event "Titled Tuesday Blitz March 15 Late 2022"]
[White "Zhigalko, Sergei"]
[Black "Postnikov, Daniil"]
[WhiteFideId "13502956"]
[BlackFideId "4166329"]
[WhiteElo "2662"]
[BlackElo "2261"]
[Result "1-0"]
[Round "05"]
[TimeControl "180+1"]
[Date "2022.03.15"]
[WhiteClock "0:00:16"]
[BlackClock "0:00:03"]

1. Nf3 d5 2. d4 Bf5 3. Bf4 e6 4. e3 c6 5. Bd3 Nf6 6. O-O Bd6 7. Bg3 Bxg3 8. hxg3 Nbd7 9. c4 Bxd3 10. Qxd3 Ne4 11. Nc3 Nxc3 12. Qxc3 O-O 13. Rfd1 Nf6 14. b4 Qe7 15. Rab1 Rfc8 16. a4 a6 17. c5 Ne4 18. Qc2 Qe8 19. Rb2 Qd8 20. Ne5 b5 21. cxb6 Qxb6 22. Rc1 f6 23. Nd3 Nd6 24. Nc5 Nc4 25. Rb3 e5 26. dxe5 fxe5 27. Qf5 Rf8 28. Qe6+ Kh8 29. Nd7 Qc7 30. Nxf8 Rxf8 31. b5 axb5 32. axb5 1-0


[Site "https://www.chess.com"]

[Event "Titled Tuesday Blitz March 15 Late 2022"]
[White "Zhurbinsky, David"]
[Black "Seul, Georg"]
[WhiteFideId "2072904"]
[BlackFideId "4601653"]
[WhiteElo "2603"]
[BlackElo "2271"]
[Result "0-1"]
[Round "05"]
[TimeControl "180+1"]
[Date "2022.03.16"]
[WhiteClock "0:00:34"]
[BlackClock "0:00:28"]

1. e4 c6 2. d4 d5 3. Nc3 dxe4 4. Nxe4 Nf6 5. Nxf6+ exf6 6. Nf3 Bd6 7. Bd3 O-O 8. O-O Bg4 9. h3 Bh5 10. Re1 Nd7 11. c4 Qc7 12. Be3 Rad8 13. Rc1 Bb4 14. Rf1 Bd6 15. Re1 Rfe8 16. a3 Nf8 17. Be2 Bf4 18. Qd2 Ne6 19. Rcd1 Bxf3 20. Bxf3 Rxd4 21. Bxf4 Rxf4 22. b3 g6 23. Qd7 Qb8 24. Rd6 Rd8 25. Qxd8+ Nxd8 26. Re8+ Kg7 27. Rexd8 Qc7 28. R8d7 Qb6 29. b4 Rxc4 30. Bd5 Rc1+ 31. Kh2 Qxf2 32. Rxf7+ Kh6 33. Bf3 Qg1+ 34. Kg3 Qe1+ 35. Kf4 Qe5+ 36. Kg4 Qg5# 0-1


[Site "https://www.chess.com"]

[Event "Titled Tuesday Blitz March 15 Late 2022"]
[White "Zomorrodian, Eilia"]
[Black "Mikhalsky, Vladimir"]
[WhiteFideId "12551805"]
[BlackFideId "14144352"]
[WhiteElo "2098"]
[BlackElo "2301"]
[Result "1-0"]
[Round "05"]
[TimeControl "180+1"]
[Date "2022.03.16"]
[WhiteClock "0:00:15"]
[BlackClock "0:00:03"]

1. e4 g6 2. d4 Bg7 3. c3 d6 4. f4 Nf6 5. Bd3 O-O 6. Nf3 c5 7. d5 c4 8. Bc2 e6 9. O-O exd5 10. exd5 Qb6+ 11. Kh1 Ng4 12. Nd4 Re8 13. Na3 Qc5 14. h3 Ne3 15. Qe2 Bxd4 16. cxd4 Qxd4 17. Re1 Qxd5 18. Bxe3 Bxh3 19. Rad1 Qc6 20. Qf3 Qxf3 21. gxf3 d5 22. Rxd5 Be6 23. Rdd1 a6 24. f5 Bd7 25. Nxc4 Bc6 26. Kg2 Nd7 27. fxg6 hxg6 28. Bd4 Rxe1 29. Rxe1 Bd5 30. Ne5 Nxe5 31. Bxe5 Bxa2 32. Rh1 f6 33. Bxf6 Kf7 34. Bc3 Ke6 35. Rh7 Bd5 36. Be4 Rd8 37. Bxd5+ Rxd5 38. Rxb7 Rg5+ 39. Kf2 Kd6 40. Rb6+ Kc5 41. Rxa6 Kc4 42. Ra4+ Kd3 43. Rd4+ Kc2 44. Rd6 Kb3 45. Rb6+ Kc4 46. Rb8 Kd3 47. f4 Rf5 48. Kg3 g5 49. fxg5 Rxg5+ 50. Kf4 Rg6 51. Ke5 Rg5+ 52. Kd6 Rg6+ 53. Kd5 Rg5+ 54. Be5 Kc2 55. b4 Rg2 56. b5 Rd2+ 57. Bd4 Kb3 58. b6 Ka4 59. b7 Kb5 60. Ra8 1-0


[Site "https://www.chess.com"]

[Event "Titled Tuesday Blitz March 15 Late 2022"]
[White "Abdyzhapar, Asylbek"]
[Black "Khripachenko, Alexander"]
[WhiteFideId "13800337"]
[BlackFideId "54184975"]
[WhiteElo "2331"]
[BlackElo "2177"]
[Result "1-0"]
[Round "06"]
[TimeControl "180+1"]
[Date "2022.03.15"]
[WhiteClock "0:00:19"]
[BlackClock "0:00:28"]

1. e4 c5 2. Nf3 Nf6 3. Nc3 Nc6 4. d4 d5 5. exd5 Nxd5 6. Bb5 Nxc3 7. bxc3 Qb6 8. a4 a6 9. Bd3 Bg4 10. h3 Bh5 11. Be3 e6 12. O-O Be7 13. Rb1 Qc7 14. Be4 O-O-O 15. d5 exd5 16. Bxd5 Rd7 17. c4 Nb4 18. c3 Nxd5 19. cxd5 c4 20. Qd4 Bxf3 21. gxf3 Bf6 22. Qa7 Qb8 23. Qc5+ Qc7 24. d6 Qxc5 25. Bxc5 Re8 26. Rb4 Kb8 27. Rxc4 Be5 28. Rd1 Red8 29. Bb6 Rc8 30. Bc7+ Ka8 31. Re4 Bxc3 32. Re7 Rdd8 33. Bxd8 Rxd8 34. Rxf7 b5 35. axb5 axb5 36. Re7 b4 37. d7 Kb7 38. Re4 Kc7 39. Rc4+ Kb7 40. Kf1 h6 41. f4 Kb6 42. f5 Kb5 43. Rc8 Bf6 44. Rxd8 Bxd8 45. Ke2 b3 46. Kd3 Bf6 47. Rb1 b2 48. Rxb2+ Kc6 49. Ra2 Kxd7 50. Ke4 Ke7 51. Ra7+ Kf8 52. Kd5 Bh4 53. f3 Bf2 54. Rb7 Bg3 55. Ke6 Kg8 56. f6 gxf6 57. Kxf6 h5 58. Kg5 h4 59. f4 1-0


[Site "https://www.chess.com"]

[Event "Titled Tuesday Blitz March 15 Late 2022"]
[White "Aldokhin, Ivan"]
[Black "Kamsky, Gata"]
[WhiteFideId "24115720"]
[BlackFideId "2000024"]
[WhiteElo "2231"]
[BlackElo "2645"]
[Result "1-0"]
[Round "06"]
[TimeControl "180+1"]
[Date "2022.03.15"]
[WhiteClock "0:01:06"]
[BlackClock "0:01:03"]

1. d4 Nf6 2. c4 g6 3. Nc3 Bg7 4. e4 d6 5. h3 e5 6. d5 a5 7. Be2 Na6 8. Be3 Nc5 9. Qc2 h5 10. Nf3 b6 11. Nd2 Bh6 12. Bxh6 Rxh6 13. O-O-O h4 14. Kb1 Qe7 15. Rdf1 g5 16. a3 a4 17. Ka2 Bd7 18. Rb1 Kf8 19. Nf1 Nh5 20. Bxh5 Rxh5 21. Ne3 f6 22. f3 Ke8 23. Ncd1 Kd8 24. Nf2 Kc8 25. Qc3 Kb7 26. Nc2 Rhh8 27. Nd3 f5 28. Nxc5+ dxc5 29. exf5 Bxf5 30. Rbe1 Bxc2 31. Qxc2 Rhf8 32. Qe4 Rae8 33. d6+ 1-0


[Site "https://www.chess.com"]

[Event "Titled Tuesday Blitz March 15 Late 2022"]
[White "Andreikin, Dmitry"]
[Black "Fedoseev, Vladimir"]
[WhiteFideId "4158814"]
[BlackFideId "24130737"]
[WhiteElo "3033"]
[BlackElo "3020"]
[Result "1-0"]
[Round "06"]
[TimeControl "180+1"]
[Date "2022.03.15"]
[WhiteClock "0:00:38"]
[BlackClock "0:00:08"]

1. d4 d5 2. c4 c6 3. Nf3 Nf6 4. Qc2 g6 5. cxd5 cxd5 6. Bf4 Nc6 7. e3 Bg7 8. Nc3 O-O 9. h3 Bf5 10. Qa4 Ne4 11. Bb5 Nxc3 12. bxc3 Na5 13. O-O Rc8 14. Rfc1 a6 15. Be2 Nc4 16. Qb3 Qd7 17. a4 Rc6 18. a5 Rfc8 19. Ra2 b5 20. axb6 Rxb6 21. Qa4 Qb7 22. Bxc4 dxc4 23. Rca1 Be4 24. Qa5 h6 25. Bg3 Bxf3 26. gxf3 Rf6 27. f4 Rb6 28. f5 g5 29. Kh2 Rcc6 30. Qd5 Qc8 31. Ra5 Bf8 32. Qe4 Qd7 33. Rd5 Qc8 34. Raa5 Rb3 35. Rdc5 Rxc5 36. Rxc5 Qd7 37. Rxc4 a5 38. Qa8 Qb7 39. Qxb7 Rxb7 40. Ra4 Ra7 41. c4 e6 42. fxe6 fxe6 43. c5 Kf7 44. c6 Ke8 45. e4 Bb4 46. d5 exd5 47. exd5 Rf7 48. Ra2 Rf5 49. Re2+ Kd8 50. c7+ Kd7 51. Re8 1-0


[Site "https://www.chess.com"]

[Event "Titled Tuesday Blitz March 15 Late 2022"]
[White "Arabidze, Meri"]
[Black "Manukyan, Sargis A."]
[WhiteFideId "13604040"]
[BlackFideId "13303970"]
[WhiteElo "2335"]
[BlackElo "2187"]
[Result "1-0"]
[Round "06"]
[TimeControl "180+1"]
[Date "2022.03.16"]
[WhiteClock "0:00:43"]
[BlackClock "0:00:57"]

1. Nf3 d5 2. g3 e6 3. Bg2 Nf6 4. O-O Be7 5. b3 O-O 6. Bb2 c5 7. e3 Nc6 8. d4 b6 9. Ne5 Nxe5 10. dxe5 Nd7 11. c4 Ba6 12. cxd5 Bxf1 13. Kxf1 exd5 14. Qxd5 Rc8 15. Nc3 Nb8 16. Rd1 Qxd5 17. Nxd5 Rfe8 18. f4 Rcd8 19. Nxe7+ Kf8 20. Nd5 Nc6 21. e4 h5 22. h4 g6 23. Bf3 b5 24. Rc1 c4 25. bxc4 b4 26. c5 a5 27. Be2 Rb8 28. Bc4 a4 29. Nb6 Red8 30. Bd5 Ne7 31. Bd4 b3 32. axb3 axb3 33. Rb1 Nc8 34. Rxb3 Nxb6 35. cxb6 Rdc8 36. b7 Rc2 37. Ba7 Rxb7 38. Rxb7 Kg7 39. Rxf7+ Kh6 40. Rf6 Kh7 41. e6 g5 42. e7 Rc1+ 43. Ke2 Rc2+ 44. Kd3 Rc8 45. Rf8 Rc7 46. e8=Q 1-0


[Site "https://www.chess.com"]

[Event "Titled Tuesday Blitz March 15 Late 2022"]
[White "Araujo Sanchez, Josue"]
[Black "Quesada Perez, Yuniesky"]
[WhiteFideId "6416896"]
[BlackFideId "3504409"]
[WhiteElo "2357"]
[BlackElo "2622"]
[Result "0-1"]
[Round "06"]
[TimeControl "180+1"]
[Date "2022.03.15"]
[WhiteClock "0:00:04"]
[BlackClock "0:00:10"]

1. e4 d5 2. exd5 Qxd5 3. Nc3 Qa5 4. d4 Nf6 5. Nf3 Bf5 6. Bd3 Bg6 7. O-O e6 8. Re1 c6 9. Bf4 Nbd7 10. a3 Be7 11. b4 Qd8 12. Rb1 Nd5 13. Ne2 b5 14. Bxg6 hxg6 15. Qd3 O-O 16. Rbd1 a5 17. c3 axb4 18. cxb4 Ra6 19. Bc1 Qc7 20. Ng3 Re8 21. Ne4 Bd6 22. g3 Be7 23. Nc5 Raa8 24. h4 Rad8 25. Qb3 Nxc5 26. dxc5 Bf6 27. Kg2 e5 28. Ng5 Bxg5 29. hxg5 Qd7 30. Rh1 Qf5 31. Rh4 Kf8 32. Re1 Nc7 33. Bb2 Rd5 34. Qe3 Ne6 35. Rh8+ Ke7 36. Rxe8+ Kxe8 37. Bxe5 Rd3 38. Qe2 Rxa3 39. Bd6 Qxg5 40. Qf3 Rxf3 0-1


[Site "https://www.chess.com"]

[Event "Titled Tuesday Blitz March 15 Late 2022"]
[White "Awoki, Daniel Teidi"]
[Black "Vargas Pereda, Jesus Manue"]
[WhiteFideId "2100827"]
[BlackFideId "5115710"]
[WhiteElo "2023"]
[BlackElo "1864"]
[Result "1-0"]
[Round "06"]
[TimeControl "180+1"]
[Date "2022.03.16"]
[WhiteClock "0:02:02"]
[BlackClock "0:01:53"]

1. c4 f5 2. g3 e6 3. Nc3 Nf6 4. Bg2 Bb4 5. Nf3 O-O 6. O-O Bxc3 7. dxc3 Nc6 8. Nd4 Ne5 9. b3 Rb8 10. Qc2 b6 11. Rd1 Qe8 12. Bf4 d6 13. Nb5 c6 14. Nxd6 1-0


[Site "https://www.chess.com"]

[Event "Titled Tuesday Blitz March 15 Late 2022"]
[White "Aydin, Gulenay"]
[Black "Mikhailov, Viacheslav"]
[WhiteFideId "34557431"]
[BlackFideId "4187369"]
[WhiteElo "1429"]
[BlackElo "2381"]
[Result "1-0"]
[Round "06"]
[TimeControl "180+1"]
[Date "2022.03.16"]
[WhiteClock "0:00:59"]
[BlackClock "0:00:17"]

1. e4 c5 2. Nf3 d6 3. d4 cxd4 4. Nxd4 Nf6 5. Nc3 a6 6. f3 g6 7. Be3 Bg7 8. Qd2 O-O 9. O-O-O Nc6 10. Bc4 Ne5 11. Bb3 b5 12. h4 Nc4 13. Bxc4 bxc4 14. Bh6 Qb6 15. h5 Rb8 16. b3 cxb3 17. axb3 Qa5 18. Kb2 Bd7 19. g4 Bxh6 20. Qxh6 Rfc8 21. Rd3 Qe5 22. hxg6 fxg6 23. Nd5 Rb7 24. Nxf6+ exf6 25. Qxh7+ Kf8 26. Qh8+ Ke7 27. Rh7# 1-0


[Site "https://www.chess.com"]

[Event "Titled Tuesday Blitz March 15 Late 2022"]
[White "Badelka, Olga"]
[Black "Fier, Alexandr"]
[WhiteFideId "13509926"]
[BlackFideId "2107139"]
[WhiteElo "2165"]
[BlackElo "2571"]
[Result "1-0"]
[Round "06"]
[TimeControl "180+1"]
[Date "2022.03.16"]
[WhiteClock "0:00:05"]
[BlackClock "0:02:29"]

1. e4 Nf6 2. d3 d5 3. Nd2 dxe4 4. dxe4 e5 5. Ngf3 Nc6 6. Bc4 Bd6 7. O-O h6 8. c3 Bg4 9. h3 Bh5 10. b4 Qe7 11. a4 Nd8 12. a5 Ne6 13. Qb3 Ng5 14. Nh2 Bg6 15. f3 h5 16. Bb5+ c6 17. Ba4 Ne6 18. Nc4 Bc7 19. Be3 Nf4 20. b5 c5 21. b6+ Kf8 22. bxc7 Qxc7 23. Bxf4 exf4 24. Rfd1 h4 25. Nd6 Kg8 26. Qxb7 Qxb7 27. Nxb7 Kh7 28. a6 Rhc8 29. Ng4 Nh5 30. Bd7 Rc7 31. Bf5 Ng3 32. Bxg6+ Kxg6 33. Kf2 f6 34. Ra5 Rac8 35. Rd5 c4 36. Rac5 Rxc5 37. Rxc5 Re8 38. Rxc4 f5 39. Rc6+ Kh7 40. Nd6 Rb8 41. Nxf5 Rb2+ 42. Ke1 Rxg2 43. Nxh4 Rg1+ 44. Kd2 Rh1 45. Nf5 Rxh3 46. Rc7 Kg8 47. Rxa7 Kf8 48. Ra8+ Kf7 49. a7 Nf1+ 50. Kc1 Ng3 51. Rc8 Rh1+ 52. Kb2 Nxf5 53. exf5 Rh2+ 54. Nxh2 1-0


[Site "https://www.chess.com"]

[Event "Titled Tuesday Blitz March 15 Late 2022"]
[White "Barp, Alberto"]
[Black "Lewicki, Miroslaw"]
[WhiteFideId "872555"]
[BlackFideId "1113380"]
[WhiteElo "2229"]
[BlackElo "2283"]
[Result "1-0"]
[Round "06"]
[TimeControl "180+1"]
[Date "2022.03.16"]
[WhiteClock "0:00:07"]
[BlackClock "0:00:02"]

1. d4 Nf6 2. c4 b6 3. Nc3 Bb7 4. Qc2 g6 5. e4 d6 6. Nf3 Bg7 7. Bd3 Nc6 8. a3 e5 9. d5 Nd4 10. Nxd4 exd4 11. Ne2 O-O 12. b3 Ng4 13. O-O Qh4 14. h3 Ne5 15. Bb2 Rae8 16. Bxd4 Bc8 17. f4 Nxd3 18. Qxd3 Bh6 19. Rae1 Re7 20. Qg3 Qh5 21. Nc3 Rfe8 22. Bf6 Rd7 23. e5 dxe5 24. fxe5 c6 25. d6 Bb7 26. c5 Bd2 27. Rd1 Bxc3 28. Qxc3 bxc5 29. Qxc5 Qe2 30. Rfe1 Qh5 31. Rd4 Qf5 32. Qc3 h5 33. Qg3 c5 34. Rf4 Qe6 35. Qg5 Kh7 36. Rh4 Qf5 37. Rxh5+ 1-0


[Site "https://www.chess.com"]